 Dungeon Crawl Stone Soup version 0.27-a0-1202-ge72e49191c (webtiles) character file.

Game seed: 17804274510464669856

150 dickylongcocking the Magician (level 5, -2/39 HPs)
             Began as a Djinni Venom Mage on June 2, 2021.
             Slain by an adder (3 damage)
             ... on level 6 of the Dungeon.
             The game lasted 00:03:26 (3855 turns).

dickylongcocking the Magician (Djinni Venom Mage)   Turns: 3855, Time: 00:03:27

Health: -2/39      AC:  2    Str:  7    XL:     5   Next: 58%
Gold:   115        EV: 12    Int: 17    God:
                   SH:  0    Dex: 14

rFire    + + .     SeeInvis .   i - +0 long sword
rCold    x . .     Faith    .   (no shield)
rNeg     . . .     Spirit   .   a - +0 robe
rPois    ∞         Reflect  .   (no helmet)
rElec    .         Harm     .   (no cloak)
rCorr    .         Rampage  .   (no gloves)
Will     .....                  (boots unavailable)
Stlth    ++........             (no amulet)
HPRegen  0.13/turn              (no ring)
MPRegen  0.00/turn              (no ring)

@: flying, very slightly contaminated
A: sickness immunity, fire resistance 2, cold vulnerability 1, float, innate
caster, hp casting, extra vitality 1
a: no special abilities


You were on level 6 of the Dungeon.
You visited 1 branch of the dungeon, and saw 4 of its levels.

You collected 115 gold pieces.

Inventory:

Hand Weapons
 d - a +0 dagger
 i - a +0 long sword (weapon)
Armour
 a - a +0 robe (worn)
Wands
 h - a wand of iceblast (8)
Scrolls
 b - a scroll of teleportation {unknown}
 c - a scroll of immolation {unknown}
 e - a scroll of noise {unknown}
 f - 2 scrolls of silence {unknown}
 g - a scroll of fear {unknown}
Potions
 k - a potion of brilliance


   Skills:
 * Level 2.7 Fighting
 - Level 2.3 Dodging
 - Level 1.7 Stealth
 * Level 3.7 Spellcasting


You couldn't memorise any spells.
You knew the following spells:

 Your Spells              Type           Power      Damage    Failure   Level
a - Sting                 Tmut/Pois      64%        1d6       3%          1
b - Poisonous Vapours     Pois/Air       32%        N/A       5%          2
d - Olgreb's Toxic Radia  Pois           16%        N/A       34%         4
f - Animate Skeleton      Necr           32%        N/A       3%          1
g - Searing Ray           Conj           32%        3d4       5%          2
i - Ignite Poison         Fire/Tmut/Pois 16%        N/A       11%         3
x - Mephitic Cloud        Conj/Pois/Air  16%        N/A       11%         3
Your spell library was empty.

Dungeon Overview and Level Annotations

Branches:
Dungeon (3/15)

Altars:
Wu Jian


Innate Abilities, Weirdness & Mutations

You are immune to sickness and miasma.
You are immune to poison.
Your flesh is very heat resistant. (rF++)
You are vulnerable to cold. (rC-)
You float through the air rather than walking.
You learn spells naturally, not from books.
Your magical power is your life essence.
You have superior vitality. (+4 HP)


Message History

* * * LOW HITPOINT WARNING * * *
The centaur zombie kicks you.
* * * LOW HITPOINT WARNING * * *
Unknown command.
Okay, then.
Casting: Mephitic Cloud (dangerous; 11% risk of failure)
Confirm with . or Enter, or press ? or * to list all spells.
Okay, then.
Casting: Mephitic Cloud (dangerous; 11% risk of failure)
Confirm with . or Enter, or press ? or * to list all spells.
Aiming: Searing Ray (safe; 5% risk of failure)
Press: ? - help, Shift-Dir - straight line, f - centaur zombie
Aim: a centaur zombie (almost destroyed, 100% to hit)
The searing ray hits the centaur zombie.
You destroy the centaur zombie! (Press . to maintain the ray.)
* * * LOW HITPOINT WARNING * * *
Unknown command.
Unknown command.
Unknown command.
Okay, then.
Casting: Searing Ray (safe; 5% risk of failure)
Confirm with . or Enter, or press ? or * to list all spells.
Aiming: Searing Ray (safe; 5% risk of failure)
Press: ? - help, Shift-Dir - straight line, f - adder
Aim: an adder (63% to hit)
The searing ray hits the adder.
The adder is heavily wounded. (Press . to maintain the ray.)
* * * LOW HITPOINT WARNING * * *
The adder bites you but does no damage.
Unknown command.
Unknown command.
The searing ray hits the adder.
The adder is almost dead.
* * * LOW HITPOINT WARNING * * *
The adder bites you.
* * * LOW HITPOINT WARNING * * *
The adder bites you.
You die...

#... #...
##..##
####....### #
○........#.#
#####°$.....#.#
...............
## #.@S...#
....#......#
............#
.#......)...#
####.#.#))##
.....)....
###.#.######
...... ......#


You could see an adder.

Vanquished Creatures
  A centaur zombie (D:6)
  An orc priest (D:3)
  An adder (D:3)
  A white imp (D:6)
  A worm (D:3)
  6 orcs
  5 endoplasms
  A giant cockroach (D:1)
  3 goblins
  6 hobgoblins
  8 jackals
  2 quokkas (D:1)
  9 ball pythons
  3 bats
  A frilled lizard (D:2)
  6 kobolds
  3 rats
58 creatures vanquished.

Vanquished Creatures (collateral kills)
  A jackal (D:1)
1 creature vanquished.

Grand Total: 59 creatures vanquished

Notes
Turn   | Place    | Note
-------+----------+-------------------------------------------
     0 | D:1      | dickylongcocking the Djinni Venom Mage began the quest for
                  | the Orb.
     0 | D:1      | Reached XP level 1. HP: 15/15 MP: 0/0
   237 | D:1      | Reached XP level 2. HP: 12/21 MP: 0/0
  1017 | D:1      | Reached skill level 3 in Spellcasting
  1020 | D:1      | Reached XP level 3. HP: 13/25 MP: 0/0
  1020 | D:1      | Learned a level 1 spell: Animate Skeleton
  1722 | D:2      | Reached skill level 1 in Fighting
  2429 | D:2      | Reached XP level 4. HP: 29/32 MP: 0/0
  2595 | D:2      | Found a faded altar of an unknown god.
  3387 | D:3      | Found an ornate altar of the Wu Jian Council.
  3413 | D:3      | Reached XP level 5. HP: 9/38 MP: 0/0
  3413 | D:3      | Learned a level 2 spell: Searing Ray
  3837 | D:3      | You are sucked into a shaft and drop 3 floors!
  3855 | D:6      | HP: 1/39 [adder (1)]
  3855 | D:6      | Slain by an adder

Illustrated notes

Levels and vault maps discovered:
D:1:      dpeg_arrival_renting, layout_rooms, minmay_distorted
D:2:      layout_loops_ring, ebering_ecumenical_altar_abandoned
D:3:      layout_basic, nzn_wu_jian_contemplation, serial_shops, shop_statue,
          dk_noncrumbling_3, minmay_unequal
D:6:      layout_basic, minmay_temple_entry_statues_pillars, uniq_pikel

Skill      XL: |  1  2  3  4 |
---------------+-------------+-----
Spellcasting   | 3 |  3.7
Fighting       | 1 2 |  2.7
Dodging        | |  2.3
Stealth        | |  1.7

Action                   |  1- 3 |  4- 6 || total
-------------------------+-------+-------++-------
Melee: Unarmed           |     4 |       ||     4
       Dagger            |    14 |       ||    14
       Long sword        |     5 |    19 ||    24
 Cast: Sting             |    63 |     1 ||    64
       Animate Skeleton  |     3 |       ||     3
       Olgreb's Toxic Ra |       |     5 ||     5
       Ignite Poison     |       |     4 ||     4
       Searing Ray       |       |     4 ||     4
       Mephitic Cloud    |       |     3 ||     3
  Use: Potion            |     3 |     1 ||     4
 Stab: Sleeping          |     4 |     2 ||     6
       Invisible         |     1 |       ||     1
Armor: Robe              |    18 |     7 ||    25
Dodge: Dodged            |    66 |    23 ||    89
       Rpst.: Long sword |     4 |     9 ||    13

Table legend: (Time is in decaauts)
 A = Elapsed time spent in this place.
 B = Non-inter-level travel time spent in this place.
 C = Inter-level travel time spent in this place.
 D = Time resting spent in this place.
 E = Time spent auto-exploring this place.
 F = Levels seen in this place.
 G = Mean time per level.
                   A        B        C        D        E       F      G
               +--------+--------+--------+--------+--------+-----+--------+
         Total |   3863 |   3821 |     42 |   1483 |   1971 |   4 |  965.8 |
       Dungeon |   3863 |   3821 |     42 |   1483 |   1971 |   4 |  965.8 |
               +--------+--------+--------+--------+--------+-----+--------+

Top non-repeatable levels by time:
     D:1: 2053 daAuts
     D:2: 903 daAuts
     D:3: 889 daAuts
     D:6: 18 daAuts
